AoeStats
← Vasqueziano

Arabia

507013133Analyzed
1v1 RM · 17d ago on Sep 16, 2026· 32m 16s· 2 players
Game mode
Random Map
Map size
Tiny (2 player)
Population
200
Speed
Normal
Resources
Standard
Victory
Conquest
Starting age
Dark Age
Ending age
Imperial Age
RankedLock teamsTeams togetherTeam positionsShared explorationLock speedFull tech treeHidden civsTurbo modeCheats
Victory
Defeat
🇲🇽 Franks · Mexico
895
+18
🇨🇳 Huns · China
929
-18
majk1145141919810
4:05 Loom
12:13 Feudal Age
14:29 Double-Bit Axe
17:13 Castle Age
18:19 Forging
21:29 Town Watch
25:31 Wheelbarrow
24:55 Horse Collar
26:28 Fervor
28:18 Scale Barding Armor
28:27 Bow Saw
29:05 Heavy Plow
29:24 Fletching
29:25 Pikeman
31:27 Bodkin Arrow
Vasqueziano
1:08 Loom
10:16 Feudal Age
11:04 Double-Bit Axe
16:21 Fletching
16:46 Forging
18:23 Scale Mail Armor
23:48 Castle Age
22:21 Scale Barding Armor
22:31 Fletching
23:52 Wheelbarrow
24:53 Pikeman
25:51 Town Watch
26:46 Iron Casting
27:10 Bodkin Arrow
28:54 Chain Barding Armor
31:02 Husbandry
32:41 Hand Cart
Connection lost

Rejoining the realm…

Still unreachable

The connection could not be restored.

Session expired

The server has moved on; the page needs a fresh start.